 Dungeon Crawl Stone Soup version 0.30.1-11-g7821555f0a (webtiles) character file.

Game seed: 1601862072165808123

27556 Peloso the Fencer (level 13, -6/119 HPs)
             Began as a Minotaur Fighter on Jan 1, 2024.
             Was a High Priest of Okawaru.
             Mangled by a sun demon (14 damage)
             ... summoned by a kobold demonologist
             ... on level 12 of the Dungeon.
             The game lasted 00:21:58 (12124 turns).

Peloso the Fencer (Minotaur Fighter)               Turns: 12124, Time: 00:21:58

Health: -6/119     AC: 12    Str: 26    XL:     13   Next: 5%
Magic:  13/13      EV: 12    Int:  5    God:    Okawaru [*****.]
Gold:   758        SH: 12    Dex: 13    Spells: 12/12 levels left

rFire   . . .        a - +6 falchion "Qeqetuxt" {elec, +Blink rF+ Str+3 SInv}
rCold   + + .        d - +0 kite shield
rNeg    + . .        P - +0 ice dragon scales
rPois   .            (helmet restricted)
rElec   .            (no cloak)
rCorr   .            A - +1 pair of gloves
SInv    +            H - +2 pair of boots
Will    .....        J - amulet of regeneration Stlth
                     B - ring of positive energy
HPRegen 1.19/turn    (no ring)
MPRegen 0.13/turn

%: no passive effects
@: corroded
A: horns 2, retaliatory headbutt
a: Renounce Religion, Evoke Blink, Heroism, Finesse, Duel


You were on level 12 of the Dungeon.
You worshipped Okawaru.
Okawaru was extremely pleased with you.
You visited 3 branches of the dungeon, and saw 14 of its levels.
You also visited: Ice Cave.

You collected 758 gold pieces.

Inventory:

Hand Weapons
 a - the +6 falchion "Qeqetuxt" (weapon) {elec, +Blink rF+ Str+3 SInv}
   (You found it on level 2 of the Dungeon)

   Str:       It affects your strength (+3).
   rF:        It protects you from fire.
   SInv:      It lets you see invisible.
   +Blink:    It lets you blink.
 b - a +2 demon blade of freezing
 c - a +7 long sword
 U - a +2 hand axe of flaming
Missiles
 R - 4 throwing nets (quivered)
Armour
 d - a +0 kite shield (worn)
 n - a +1 chain mail
 A - a +1 pair of gloves (worn)
 H - a +2 pair of boots (worn)
 I - the +3 plate armour "Putekick" {*Corrode rF+ Int+3}
   (You found it on level 8 of the Dungeon)

   Int:       It affects your intelligence (+3).
   rF:        It protects you from fire.
   *Corrode:  It may corrode you when you take damage.
 P - +0 ice dragon scales (worn)
Jewellery
 z - a ring of ice
 B - a ring of positive energy (left hand)
 J - an amulet of regeneration (around neck)
Wands
 r - a wand of quicksilver (21)
 y - a wand of digging (18)
 D - a wand of paralysis (17)
 M - a wand of flame (5)
Scrolls
 e - 4 scrolls of amnesia
 f - a scroll of poison {unknown}
 g - a scroll of noise {unknown}
 i - a scroll of butterflies {unknown}
 j - 3 scrolls of blinking
 k - 2 scrolls of fear
 p - a scroll of brand weapon {unknown}
 s - 2 scrolls of immolation
 u - a scroll of vulnerability {unknown}
 v - 6 scrolls of teleportation
 w - 2 scrolls of enchant armour
 x - a scroll of torment {unknown}
 E - 3 scrolls of identify
 G - a scroll of magic mapping {unknown}
 O - a scroll of enchant weapon {unknown}
 T - a scroll of fog {unknown}
Potions
 h - 6 potions of might
 l - 2 potions of magic
 m - 6 potions of curing
 o - 8 potions of ambrosia
 q - a potion of heal wounds
 t - 2 potions of cancellation
 C - 4 potions of resistance {unknown}
 F - 2 potions of haste {unknown}
 K - 3 potions of mutation {unknown}
 L - a potion of berserk rage {unknown}
 N - a potion of invisibility {unknown}
 Q - 3 potions of brilliance {unknown}
Miscellaneous
 S - a lightning rod (4/4)


   Skills:
 + Level 12.9 Fighting
 + Level 15.0 Long Blades
 + Level 12.7 Armour
 + Level 6.0 Dodging
 + Level 1.8 Stealth
 + Level 11.8 Shields
 + Level 1.8 Invocations


You had 12 spell levels left.
You didn't know any spells.
Your spell library contained the following spells:

 Spells                   Type           Power      Damage    Failure   Level
 Kiss of Death            Conj/Necr      0%         2d5       88%         1
 Magic Dart               Conj           0%         1d3       88%         1
 Blink                    Tloc           0%         N/A       95%         2
 Lesser Beckoning         Tloc           0%         N/A       95%         2
 Momentum Strike          Conj/Tloc      0%         3d8       95%         2
 Searing Ray              Conj           0%         2d4       95%         2
 Confusing Touch          Hex            0%         N/A       99%         3
 Gell's Gravitas          Tloc           0%         N/A       99%         3
 Teleport Other           Tloc           0%         N/A       99%         3
 Cause Fear               Hex            0%         N/A       100%        4
 Dispel Undead            Necr           0%         3d6       100%        4
 Fulminant Prism          Conj/Hex       0%         3d5       100%        4
 Dragon Form              Tmut           0%         N/A       100%        7
 Dragon's Call            Summ           Unusable   N/A       N/A         9

Dungeon Overview and Level Annotations

Branches:
Dungeon (12/15)            Temple (1/1) D:4            Lair (1/5) D:8
    Orc (0/2) D:11          IceCv (visited)

Altars:
Ashenzari
Cheibriados
Dithmenos
Elyvilon
Gozag
Hepliaklqana
Kikubaaqudgha
Makhleb
Nemelex Xobeh
Okawaru
Qazlal
Ru
Sif Muna
Trog
Uskayaw
Vehumet
Wu Jian
Xom
Yredelemnul
Zin
The Shining One

Shops:
D:4 [(

Annotations:
Temple 2 transporters


Innate Abilities, Weirdness & Mutations

You have a pair of horns on your head.
You reflexively headbutt those who attack you in melee.


Message History

The kobold throws a poisoned dart.
You block the poisoned dart. The hellwing barely misses you.
The hellwing closely misses you.
You miss the kobold demonologist. You headbutt the kobold demonologist.
The kobold demonologist is lightly wounded.
The sun demon hits you.
You are engulfed in flames!!
Unknown command.
You hit the kobold demonologist.
Lightning courses through the kobold demonologist!
The kobold demonologist is heavily wounded.
You block the hellwing's attack. x2
The kobold demonologist mumbles some strange words.
The kobold barely misses you. The kobold hits you but does no damage.
You are electrocuted!
You hit the kobold demonologist but do no damage.
Your headbutt misses the kobold demonologist.
The kobold demonologist is heavily wounded.
The white imp disappears in a puff of smoke!
You block the sun demon's attack. You block the kobold's attack.
A kobold comes into view. It is wielding a +0 short sword.
The kobold demonologist gestures wildly while chanting.
You block the kobold demonologist's attack.
The kobold hits you but does no damage.
The two-headed ogre hits you with a +0 dire flail!
* * * LOW HITPOINT WARNING * * *
The two-headed ogre hits you with a +0 giant spiked club!
* * * LOW HITPOINT WARNING * * *
The hellwing hits you.
* * * LOW HITPOINT WARNING * * *
The hellwing hits you.
* * * LOW HITPOINT WARNING * * *
The kobold shouts!
You slash the kobold demonologist!
You headbutt the kobold demonologist, but do no damage.
The kobold demonologist is severely wounded.
The quasit bites you but does no damage.
The quasit closely misses you. You block the quasit's attack.
The sun demon hits you.
* * * LOW HITPOINT WARNING * * *
You are engulfed in flames!
You die...

............
.....######.............
........................
........................
...........########.....
...........#......'.....
......5...#......#.....
#3OKĀ§..#......#.....
..#KK@4..#.....(#.....
#.K5K.3K5..'......#.....
...4#......#....).+.....


#KK #......#......#..... # #......#......###### #......#.......#
#......+.......# #......#.......# #......######### You could see a two-headed
ogre, 2 sun demons, a hellwing (summoned), 2 kobold demonologists, a chaos spawn
(summoned), a quasit (summoned), a shadow imp (summoned), an ufetubus (summoned)
and 6 kobolds.

Vanquished Creatures
  A frost giant (IceCv)
  Harold (Lair:1)
  4 two-headed ogres
  5 death yaks (IceCv)
  Pikel (D:9)
  2 cyclopes
  An ice statue (IceCv)
  2 black mambas (Lair:1)
  3 cane toads (Lair:1)
  4 gargoyles
  2 komodo dragons (Lair:1)
  6 rime drakes (IceCv)
  2 ice devils (D:12)
  A queen bee (D:9)
  4 polar bears (IceCv)
  A troll (D:12)
  2 hornets
  4 blink frogs (Lair:1)
  2 wyverns
  26 yaks
  3 shadows
  A wraith (D:11)
  2 steam dragons
  3 vampire mosquitoes (D:12)
  2 acid dragons
  4 water moccasins
  4 ice beasts
  3 orc warriors (D:9)
  3 black bears (D:5)
  An ogre (D:5)
  15 wolves
  6 centaurs
  A lemure (D:9)
  3 kobold brigands
  2 bullfrogs (D:9)
  A gnoll sergeant (D:9)
  2 scorpions (D:4)
  3 wights (D:4)
  32 killer bees
  Crazy Yiuf (D:7)
  5 orc priests
  3 hounds
  2 jellies
  A gnoll bouda (D:8)
  A sleepcap (D:5)
  5 iguanas
  7 orc wizards
  8 gnolls
  14 adders
  3 white imps
  3 ufetubi
  A worm (D:3)
  4 dart slugs
  33 orcs
  6 ball pythons
  A bat (D:3)
  4 endoplasms
  4 giant cockroaches
  5 goblins
  3 hobgoblins
  3 jackals (D:5)
  23 kobolds
  2 quokkas
  2 frilled lizards
  4 rats
313 creatures vanquished.

Vanquished Creatures (others)
  A rime drake (IceCv)
  A sky beast (D:6)
2 creatures vanquished.

Grand Total: 315 creatures vanquished

Notes
Turn   | Place    | Note
-------+----------+-------------------------------------------
     0 | D:1      | Peloso the Minotaur Fighter began the quest for the Orb.
     0 | D:1      | Reached XP level 1. HP: 19/19 MP: 0/0
   412 | D:1      | Reached XP level 2. HP: 26/27 MP: 1/1
   639 | D:2      | Reached XP level 3. HP: 33/33 MP: 2/2
   665 | D:2      | Identified the +6 falchion "Qeqetuxt" {elec, +Blink rF+
                  | Str+3 SInv}
   804 | D:2      | Reached skill level 3 in Long Blades
  1169 | D:3      | Reached XP level 4. HP: 41/41 MP: 3/3
  1241 | D:3      | Reached skill level 4 in Long Blades
  1408 | D:3      | Reached XP level 5. HP: 46/47 MP: 4/4
  1738 | D:4      | Found a staircase to the Ecumenical Temple.
  1759 | D:4      | Found Vyfrap's Weapon Emporium.
  1782 | Temple   | Entered the Ecumenical Temple
  1782 | Temple   | Found a transporter.
  1782 | Temple   | Found a transporter.
  1784 | Temple   | Found a transporter.
  1784 | Temple   | Found a transporter.
  1798 | Temple   | Became a worshipper of Warmaster Okawaru
  1840 | D:4      | Reached skill level 5 in Long Blades
  1917 | D:4      | Found an ancient bone altar of Kikubaaqudgha.
  1991 | D:4      | Reached skill level 5 in Armour
  1991 | D:4      | Reached XP level 6. HP: 41/55 MP: 5/5
  1991 | D:4      | Found Mitat's Armour Shoppe.
  2184 | D:4      | Reached skill level 5 in Fighting
  2663 | D:4      | Reached * piety under Okawaru
  2664 | D:4      | Reached skill level 1 in Dodging
  2778 | D:4      | Found a shimmering blue altar of Sif Muna.
  2780 | D:4      | Found a radiant altar of Vehumet.
  2785 | D:4      | Got Vehumet's Omnibus of Blasting
  2851 | D:5      | Entered Level 5 of the Dungeon
  2860 | D:5      | Reached skill level 6 in Long Blades
  2860 | D:5      | Reached XP level 7. HP: 51/61 MP: 6/6
  3145 | D:5      | Reached ** piety under Okawaru
  3251 | D:5      | Reached skill level 7 in Long Blades
  3251 | D:5      | Reached skill level 5 in Shields
  3251 | D:5      | Reached XP level 8. HP: 63/70 MP: 7/7
  3461 | D:5      | Reached skill level 1 in Stealth
  3935 | D:6      | Reached skill level 8 in Long Blades
  4144 | D:6      | Identified the +7 hand axe of Eddomy {heavy, rElec SInv
                  | Stlth+}
  4379 | D:6      | Found a snail-covered altar of Cheibriados.
  4382 | D:6      | Found a hazy altar of Hepliaklqana.
  4384 | D:6      | Found a glowing silver altar of Zin.
  4385 | D:6      | Found a broken altar of Ashenzari.
  4510 | D:7      | Reached *** piety under Okawaru
  4617 | D:7      | Reached skill level 9 in Long Blades
  4791 | D:7      | Found a runed translucent door.
  4792 | D:7      | Noticed Crazy Yiuf
  4797 | D:7      | Killed Crazy Yiuf
  4805 | D:7      | Identified the +6 hammer of Foul Odours {freeze, rPois
                  | Dex+3}
  4859 | D:7      | Found a glowing silver altar of Zin.
  4886 | D:7      | Reached XP level 9. HP: 78/78 MP: 8/8
  5580 | D:8      | Identified the +0 pair of gloves of an ice cave {Int+5}
  5596 | D:8      | Identified the +1 spear "Niklir" {freeze, Str+4 Int+2
                  | Dex+3}
  6113 | D:8      | Identified the +3 plate armour "Putekick" {*Corrode rF+
                  | Int+3}
  6218 | D:8      | Found a staircase to the Lair.
  6255 | D:8      | Paralysed by a hornet for 1 turns
  6262 | D:8      | Reached skill level 10 in Long Blades
  6388 | D:8      | Noticed a two-headed ogre
  6397 | D:8      | Killed a two-headed ogre
  6397 | D:8      | Reached **** piety under Okawaru
  6666 | D:9      | Noticed a two-headed ogre
  6680 | D:9      | Killed a two-headed ogre
  6681 | D:9      | Reached XP level 10. HP: 47/89 MP: 9/9
  6895 | D:9      | Noticed Pikel
  6908 | D:9      | Killed Pikel
  6909 | D:9      | Reached skill level 11 in Long Blades
  6909 | D:9      | Reached skill level 10 in Armour
  7001 | D:9      | Reached ***** piety under Okawaru
  7116 | D:9      | Reached skill level 12 in Long Blades
  7408 | D:9      | Received a gift from Okawaru
  7747 | D:9      | Reached XP level 11. HP: 97/97 MP: 7/10
  7988 | D:10     | Entered Level 10 of the Dungeon
  8150 | D:10     | Reached skill level 13 in Long Blades
  8325 | D:10     | Identified the +1 robe "Liokkeq" {Harm rC+ rCorr} (Okawaru
                  | gifted it to you on level 10 of the Dungeon)
  8325 | D:10     | Received a gift from Okawaru
  8841 | D:11     | Reached skill level 1 in Invocations
  9031 | D:11     | Reached skill level 10 in Fighting
  9066 | D:11     | Identified the +0 flail of Doom {flame, rC- Str+4 Dex+2
                  | Stlth+}
  9614 | D:11     | Found a staircase to the Orcish Mines.
  9761 | Lair:1   | Entered Level 1 of the Lair of Beasts
 10058 | Lair:1   | Reached skill level 14 in Long Blades
 10242 | Lair:1   | Noticed Harold
 10255 | Lair:1   | Killed Harold
 10332 | Lair:1   | Reached XP level 12. HP: 96/110 MP: 11/11
 11113 | D:12     | Reached skill level 5 in Dodging
 11159 | D:12     | Found a frozen archway.
 11183 | IceCv    | Entered an ice cave
 11254 | IceCv    | Noticed a death yak
 11261 | IceCv    | Received a gift from Okawaru
 11262 | IceCv    | Noticed a death yak
 11271 | IceCv    | Killed a death yak
 11272 | IceCv    | Reached skill level 10 in Shields
 11281 | IceCv    | Killed a death yak
 11360 | IceCv    | Noticed a death yak
 11370 | IceCv    | Killed a death yak
 11534 | IceCv    | Noticed a death yak
 11534 | IceCv    | Noticed a frost giant
 11551 | IceCv    | Killed a death yak
 11566 | IceCv    | Killed a frost giant
 11706 | IceCv    | Noticed a death yak
 11731 | IceCv    | Killed a death yak
 11751 | IceCv    | Reached ****** piety under Okawaru
 11752 | IceCv    | Reached skill level 15 in Long Blades
 11818 | IceCv    | Identified the scarf of the Thunderstorm {harm, -Tele
                  | Int+8} (Okawaru gifted it to you in an ice cave)
 11818 | IceCv    | Received a gift from Okawaru
 12047 | D:12     | Noticed a two-headed ogre
 12053 | D:12     | Killed a two-headed ogre
 12054 | D:12     | Reached XP level 13. HP: 111/119 MP: 10/13
 12124 | D:12     | Mangled by a sun demon

Illustrated notes

Levels and vault maps discovered:
D:1:      dpeg_arrival_another_circle, layout_loops_ring
D:2:      layout_basic
D:3:      layout_basic
D:4:      layout_cave_pools, grunt_temple_overflow_magic_moments,
          minmay_temple_entry_trees, serial_shops, shop,
          nicolae_inconvenience_store, bh_walls_and_bars
D:5:      layout_loops_ring, serial_bayou_lagoon_a, st_stairs_6
D:6:      layout_basic, mainiacjoe_overflow_alcove_3
D:7:      layout_cave_pods, serial_park, serial_park_tiny_1, serial_park_gazebo
          [serial_park_minivault_5x5_4], serial_park_tiny_1, serial_park_square1
          [serial_park_minivault_5x5_1], serial_park_tiny_1,
          serial_park_avenue1, uniq_crazy_yiuf_cottage
D:8:      layout_gridville, lair_entry_dummy
D:9:      layout_loops_ring, special_room [special_room_bee], st_stairs_9,
          minmay_misc_feat_five, uniq_pikel
D:10:     layout_irregular_city
D:11:     layout_loops_corners, orc_0_dummy, chequers_serial_rivers_room_b
D:12:     layout_gridville, portal_ice_cave_demonic_guard
Temple:   hellmonk_temple_divided_pantheon
Lair:1:   layout_cave_pods, uniq_harold

Skill      XL: |  1  2  3  4  5  6  7  8  9 10 11 12 |
---------------+-------------------------------------+-----
Armour         | 4 5 6 7 8 9 10 11 12 | 12.7
Fighting       | 4 5 6 8 9 11 12 | 12.9
Shields        | 4 5 6 8 9 11 | 11.8
Long Blades    | 3 4 5 6 7 9 10 12 14 15 | 15.0
Dodging        | 1 2 3 4 6 |  6.0
Stealth        | 1 |  1.8
Invocations    | 1 |  1.8

Action                     |  1- 3 |  4- 6 |  7- 9 | 10-12 | 13-15 || total
---------------------------+-------+-------+-------+-------+-------++-------
  Melee: Long sword        |    30 |       |       |       |       ||    30
         Headbutt          |    10 |    15 |    51 |   158 |     4 ||   238
         Falchion          |    17 |    95 |   221 |   677 |    22 ||  1032
 Invoke: Heroism           |       |       |     2 |    11 |       ||    13
    Use: Scroll            |     1 |       |     9 |     6 |       ||    16
         Potion            |       |       |     1 |     3 |       ||     4
 Armour: Scale mail        |    32 |     5 |       |       |       ||    37
         Chain mail        |       |    51 |   100 |   155 |       ||   306
         Ice dragon scales |       |       |       |    76 |     5 ||    81
  Dodge: Dodged            |    19 |    58 |    92 |   235 |     8 ||   412
  Block: Buckler           |    11 |    25 |    57 |    77 |       ||   170
         Kite shield       |       |       |       |   148 |    20 ||   168
